 Dungeon Crawl Stone Soup version 0.30-a0-557-ge2afbf3030 (webtiles) character file.

Game seed: 4340310795579947927

15675 freelancePsychic the Slicer (level 12, 0/58 HPs)
             Began as a Vine Stalker Earth Elementalist on Dec 27, 2022.
             Was a High Priest of Hepliaklqana.
             Killed from afar by a rime drake (17 damage)
             ... with an icy flash freeze
             ... on level 2 of the Lair of Beasts.
             The game lasted 00:30:19 (11681 turns).

freelancePsychic the Slicer (VSEE)                 Turns: 11681, Time: 00:30:20

Health: 0/58       AC: 11    Str: 10    XL:     12   Next: 29%
Magic:  0/7        EV: 14    Int: 23    God:    Hepliaklqana [*****.]
Gold:   206        SH:  6    Dex: 19    Spells: 12/16 levels left

rFire   + + .      SeeInvis .    a - +3 dagger (speed)
rCold   . . .      Faith    .    x - +0 buckler
rNeg    + + +      Spirit   +    O - +0 acid dragon scales
rPois   .          Reflect  .    i - +1 hat
rElec   .          Harm     .    z - +2 cloak {Stlth+}
rCorr   +          Rampage  .    F - +0 pair of gloves
Will    ++...                    (no boots)
Stlth   +++++                    B - amulet of regeneration
HPRegen 1.89/turn                P - ring "Geapt" {rF++ rN+++ MP-9 Int+6}
MPRegen 0.10/turn                v - ring of willpower

@: lethally poisoned (0 -> 0), about to teleport
A: reduced essence, fangs 3, regeneration 1, magic shield, antimagic bite, no
potion heal 2
a: Renounce Religion, Recall Ancestor, Ancestor Identity, Transference, Idealise


You were on level 2 of the Lair of Beasts.
You worshipped Hepliaklqana.
Hepliaklqana was extremely pleased with you.
You visited 2 branches of the dungeon, and saw 12 of its levels.
You also visited: Ossuary.

You collected 896 gold pieces.
You spent 690 gold pieces at shops.

Inventory:

Hand Weapons
 a - a +3 dagger of speed (weapon)
 b - a +2 dagger of venom
Missiles
 o - 5 throwing nets
Armour
 e - a +0 robe
 i - a +1 hat (worn)
 x - a +0 buckler (worn)
 z - a +2 cloak of stealth (worn)
 F - a +0 pair of gloves (worn)
 O - +0 acid dragon scales (worn)
Jewellery
 f - a ring of resist corrosion
 g - an amulet of the acrobat
 j - a ring of flight
 q - a ring of protection from cold
 v - a ring of willpower (right hand)
 B - an amulet of regeneration (around neck)
 E - a ring of magical power
 G - an amulet of reflection
 L - a +4 ring of protection
 P - the ring "Geapt" (left hand) {rF++ rN+++ MP-9 Int+6}
   (You found it on level 10 of the Dungeon)

   [ring of intelligence]

   Int:       It affects your intelligence (+6).
   rF:        It greatly protects you from fire.
   rN:        It renders you almost immune to negative energy.
   MP:        It affects your magic capacity (-9).
Wands
 h - a wand of digging (11)
 Q - a wand of charming (5)
Scrolls
 c - 7 scrolls of teleportation {@r4}
 l - 5 scrolls of fear
 p - a scroll of butterflies
 r - a scroll of poison
 A - 3 scrolls of vulnerability
 C - 8 scrolls of noise
 H - a scroll of magic mapping
 J - a scroll of amnesia
 K - a scroll of enchant armour
 M - 2 scrolls of blinking
 S - a scroll of immolation
 T - a scroll of identify {@r1}
Potions
 d - 8 potions of curing {@q1}
 k - 6 potions of attraction
 m - a potion of lignification
 n - 4 potions of brilliance
 s - 3 potions of haste {@q3}
 t - 4 potions of might
 u - 2 potions of mutation {unknown}
 w - 3 potions of flight
 y - 2 potions of magic
 I - 2 potions of ambrosia {unknown}
 N - a potion of resistance {unknown}
 R - a potion of berserk rage {unknown}
Miscellaneous
 D - a phial of floods


   Skills:
 + Level 8.4 Fighting
 - Level 10.0 Short Blades
 + Level 6.8 Dodging
 - Level 10.0 Stealth
 - Level 5.0 Shields
 - Level 2.5 Spellcasting
 - Level 3.3 Conjurations
 - Level 1.0 Transmutations
 - Level 4.6 Earth Magic
 + Level 3.4 Invocations


You had 12 spell levels left.
You knew the following spells:

 Your Spells              Type           Power      Damage    Failure   Level
a - Sandblast             Erth           48%        2d12      3%          1
b - Stone Arrow           Conj/Erth      42%        3d9       16%         3

Your spell library contained the following spells:

 Spells                   Type           Power      Damage    Failure   Level
 Passwall                 Tmut/Erth      12%        N/A       12%         2
 Beastly Appendage        Tmut           14%        N/A       17%         1
 Necrotise                Necr           8%         1d4       26%         1
 Wereblood                Tmut           7%         N/A       26%         2
 Blink                    Tloc           4%         N/A       36%         2
 Spider Form              Tmut/Pois      5%         N/A       54%         3
 Call Canine Familiar     Summ           2%         N/A       61%         3
 Portal Projectile        Hex/Tloc       4%         N/A       61%         3
 Summon Guardian Golem    Hex/Summ       2%         N/A       61%         3
 Tukima's Dance           Hex            2%         N/A       61%         3
 Vampiric Draining        Necr           2%         2d6       61%         3
 Petrify                  Tmut/Erth      15%        N/A       63%         4
 Leda's Liquefaction      Hex/Erth       6%         N/A       69%         4
 Manifold Assault         Tloc           2%         N/A       95%         4
 Blade Hands              Tmut           3%         N/A       99%         5
 Agony                    Necr           2%         N/A       100%        5
 Orb of Destruction       Conj           9%         9d6       100%        7
 Spellforged Servitor     Conj/Summ      5%         N/A       100%        7
 Storm Form               Tmut/Air       2%         N/A       100%        7


Dungeon Overview and Level Annotations

Branches:
Dungeon (10/15)            Temple (0/1) D:7            Lair (2/5) D:8
Ossuary (visited)
  Swamp: Lair:2-3    Shoals: Lair:2-3     Snake: Lair:2-3    Spider: Lair:2-3
    Orc: D:9-12

Altars:
Ashenzari
Cheibriados
Dithmenos
Fedhas
Gozag
Hepliaklqana
Kikubaaqudgha
Makhleb
Qazlal
Ru
Sif Muna
Vehumet
Xom
Yredelemnul
The Shining One

Shops:
D:4 !**=   D:9 ?   D:10 (

Portals:
Trove: D:10 (give +7 demon whip)

Annotations:
D:10 3 runed translucent doors, Newt's ghost, journeyman KoHu
Lair:1 2 runed translucent doors, Selrock's ghost, journeyman MiFi


Innate Abilities, Weirdness & Mutations

Your life essence is reduced to manifest your ancestor. (-10% HP)
You have razor-sharp teeth.
Your natural rate of healing is unusually fast.
When hurt, damage is shared between your health and your magic reserves.
Your bite disrupts and absorbs the magic of your enemies.
Potions cannot restore your health.


Message History

You are too injured to fight recklessly!
You are too injured to fight recklessly!
You are too injured to fight recklessly!
You are too injured to fight recklessly!
You are too injured to fight recklessly!
You are too injured to fight recklessly!
You are too injured to fight recklessly!
You are too injured to fight recklessly!
You are too injured to fight recklessly!
You hit the rime drake but do no damage.
Your bite misses the rime drake.
The rime drake is heavily wounded.
You feel sick. The rime drake barely misses you.
You barely miss the rime drake. Your bite misses the rime drake.
The rime drake is heavily wounded.
You feel sick. The cane toad stings you.
The cane toad stings itself!!
As you read the scroll of teleportation {@r4}, it crumbles to dust.
You feel strangely unstable.
You feel sick. You block the cane toad's attack. The rime drake bites you.
The cane toad barely misses you.
You hit the cane toad.
The cane toad is severely wounded.
You feel sick.
You hit the cane toad. You bite the cane toad. You drain its power.
You feel invigorated.
The cane toad is almost dead.
The rime drake closely misses you. The cane toad attacks as you move away!
The cane toad stings you!
* * * LOW HITPOINT WARNING * * *
You feel sick. The rime drake bites you.
* * * LOW HITPOINT WARNING * * *
The cane toad stings itself!
The cane toad is killed!
The cane toad misses you.
You feel sick.
You see here a cane toad corpse.
You hit the rime drake. Your bite misses the rime drake.
The rime drake is heavily wounded.
The rime drake breathes ice at you. The icy flash freeze hits you!!
You die...

#### #♣..♣ #.≈~♣♣
#.≈~.♣ ♣♣♣#.≈..♣
..#..♣♣♣ ♣.♣♣♣
♣♣♣.#♣..†♣
♣.....♣♣♣@..#♣.♣♣♣#
♣..Fk♣♣♣......#
♣.....♣.♣♣ ♣#♣♣♣.♣#
♣$♣♣♣ ♣♣. ♣♣P.♣ ♣♣
#♣P≈.♣ #.†~.♣
#.♣≈.♣ #....♣
#♣♣.♣♣


You could see a cane toad and a rime drake (catching breath).

Vanquished Creatures
  A two-headed ogre (D:9)
  A deep elf pyromancer (D:8)
  Maurice (D:8)
  A black mamba (Lair:1)
  2 kobold demonologists (D:10)
  4 cane toads
  An unseen horror (D:10)
  2 komodo dragons
  An unseen horror zombie (D:9)
  An efreet (D:8)
  Prince Ribbit (D:6)
  A slime creature (D:8)
  3 yaks
  2 wyverns (D:8)
  2 steam dragons (D:8)
  5 water moccasins
  An acid dragon (D:10)
  6 orc warriors
  4 ice beasts
  A hornet zombie (D:9)
  2 black bears
  3 sky beasts
  2 ogres
  3 centaurs
  A phantom (D:4)
  An elf zombie (Ossuary)
  4 kobold brigands
  2 necrophages (D:6)
  9 bullfrogs
  A wyvern zombie (D:9)
  2 scorpions
  9 wights
  6 killer bees
  6 howler monkeys
  An electric eel (Lair:1)
  6 centaur zombies
  3 jellies
  8 orc priests
  5 hounds
  A human zombie (Ossuary)
  A gnoll bouda (D:7)
  Jessica (D:2)
  2 iguanas
  7 orc wizards
  2 mummies (Ossuary)
  3 howler monkey zombies (D:9)
  27 gnolls
  5 adders
  2 shadow imps
  A white imp (D:5)
  An ufetubus (D:7)
  2 adder zombies (Ossuary)
  3 worms
  3 dart slugs
  43 orcs
  10 bats
  6 endoplasms
  2 giant cockroaches (D:2)
  7 goblins
  7 hobgoblins
  3 quokkas
  9 ball pythons
  3 frilled lizards
  2 goblin zombies (Ossuary)
  8 hobgoblin zombies (Ossuary)
  13 kobolds
  11 kobold zombies (Ossuary)
  3 orc zombies (Ossuary)
  8 rats
  3 rat zombies (Ossuary)
314 creatures vanquished.

Vanquished Creatures (collateral kills)
  2 two-headed ogres
  A death yak (Lair:2)
  An unseen horror zombie (D:9)
  A troll (D:8)
  2 water moccasins (D:8)
  An ice beast (D:7)
  2 orc warriors (D:8)
  A centaur (D:8)
  A kobold brigand (D:9)
  3 bullfrogs
  2 gnoll sergeants
  A scorpion (D:6)
  A wight (D:9)
  A killer bee (D:10)
  3 howler monkeys
  2 electric eels (D:7)
  An orc priest (D:8)
  A gnoll bouda (D:8)
  3 orc wizards
  4 gnolls
  11 orcs (D:8)
  A hobgoblin zombie (Ossuary)
  5 kobolds (D:9)
  2 orc zombies (Ossuary)
53 creatures vanquished.

Vanquished Creatures (others)
  A black bear (D:8)
  A human (D:3)
  A bullfrog (D:8)
  4 hexers
  2 ancestors
  37 fungi
  55 plants
101 creatures vanquished.

Grand Total: 468 creatures vanquished

Notes
Turn   | Place    | Note
-------+----------+-------------------------------------------
     0 | D:1      | freelancePsychic the Vine Stalker Earth Elementalist began
                  | the quest for the Orb.
     0 | D:1      | Reached XP level 1. HP: 9/9 MP: 4/4
   138 | D:1      | Reached XP level 2. HP: 13/13 MP: 1/6
   448 | D:1      | Reached skill level 1 in Conjurations
   566 | D:1      | Reached XP level 3. HP: 16/16 MP: 5/7
   833 | D:1      | Learned a level 3 spell: Stone Arrow
   945 | D:2      | Noticed Jessica
   959 | D:2      | Killed Jessica
  1033 | D:2      | Gained mutation: Your natural rate of healing is unusually
                  | fast. [Vine Stalker growth]
  1033 | D:2      | Reached XP level 4. HP: 19/21 MP: 4/8
  2602 | D:3      | Found an ancient bone altar of Kikubaaqudgha.
  2602 | D:3      | Noticed a human
  2605 | D:3      | Killed a human
  2670 | D:3      | Reached XP level 5. HP: 24/24 MP: 7/9
  3234 | D:4      | Found Dickosie's Distillery.
  3243 | D:4      | Bought a potion of might for 48 gold pieces
  3389 | D:4      | Reached XP level 6. HP: 24/28 MP: 7/10
  3399 | D:4      | Reached skill level 5 in Stealth
  3469 | D:4      | Found Atan's Assorted Antiques.
  3573 | D:4      | Bought an embroidered cloak for 210 gold pieces
  3664 | D:4      | Found Voromod's Assorted Antiques.
  3763 | D:4      | Reached skill level 1 in Short Blades
  3820 | D:4      | Found a shimmering altar of Xom.
  3822 | D:4      | Paralysed by a gnoll for 2 turns
  3873 | D:4      | Found a burning altar of Makhleb.
  3894 | D:4      | Found Vidweing's Jewellery Boutique.
  4027 | D:4      | Found a hazy altar of Hepliaklqana.
  4032 | D:4      | Became a worshipper of Hepliaklqana the Forgotten
  4088 | D:4      | Reached XP level 7. HP: 32/32 MP: 11/11
  4163 | D:4      | Reached skill level 1 in Fighting
  4359 | D:5      | Entered Level 5 of the Dungeon
  4465 | D:5      | Found a shimmering blue altar of Sif Muna.
  4692 | D:5      | Gained mutation: You have razor-sharp teeth. [Vine Stalker
                  | growth]
  4692 | D:5      | Reached XP level 8. HP: 39/39 MP: 12/12
  5019 | D:6      | Found a stormy altar of Qazlal.
  5019 | D:6      | Found an opulent altar of Gozag.
  5069 | D:6      | Reached * piety under Hepliaklqana
  5075 | D:6      | Noticed Prince Ribbit
  5080 | D:6      | Killed Prince Ribbit
  5140 | D:6      | Reached skill level 5 in Short Blades
  5146 | D:6      | Found a sand-covered staircase.
  5172 | Ossuary  | Entered an ossuary
  5519 | D:6      | Reached XP level 9. HP: 37/40 MP: 13/13
  6136 | D:7      | Found a radiant altar of Vehumet.
  6181 | D:7      | Identified the +6 war axe of Dishonesty {elec, rF+++ MP-9
                  | Int-5 Dex+6}
  6240 | D:7      | Reached ** piety under Hepliaklqana
  6241 | D:7      | Remembered your ancestor BeanBoi as a hexer
  6278 | D:7      | Found a snail-covered altar of Cheibriados.
  6282 | D:7      | Found a sacrificial altar of Ru.
  6323 | D:7      | Reached skill level 5 in Fighting
  6440 | D:7      | Found a shadowy altar of Dithmenos.
  7312 | D:8      | Reached XP level 10. HP: 34/45 MP: 11/14
  7429 | D:8      | Reached *** piety under Hepliaklqana
  7688 | D:8      | Noticed a deep elf pyromancer
  7814 | D:8      | Identified the +2 leather armour of the Hall of Blades
                  | {Harm +Inv Int+2}
  7848 | D:8      | Killed a deep elf pyromancer
  7849 | D:8      | Reached skill level 1 in Shields
  7880 | D:8      | Identified the +1 falchion of Kuodweit {freeze, *Noise
                  | Dex+9}
  7948 | D:8      | Noticed a two-headed ogre
  8000 | D:8      | Killed a two-headed ogre
  8113 | D:8      | Identified the +0 robe of Gagobit {+Blink Regen+ Str-4}
  8135 | D:8      | Reached skill level 10 in Short Blades
  8214 | D:8      | Reached skill level 5 in Shields
  8214 | D:8      | Reached XP level 11. HP: 43/50 MP: 12/15
  8364 | D:8      | Found a staircase to the Lair.
  8431 | D:8      | Found a broken altar of Ashenzari.
  8448 | D:8      | Identified the +2 robe of Haucvem {Int+4 Dex+4}
  8494 | D:8      | Noticed Maurice
  8529 | D:8      | Killed Maurice
  9001 | D:9      | Found a blossoming altar of Fedhas.
  9247 | D:9      | Noticed a two-headed ogre
  9252 | D:9      | Killed a two-headed ogre
  9253 | D:9      | Reached skill level 5 in Dodging
  9313 | D:9      | Found a glowing golden altar of the Shining One.
  9405 | D:9      | Reached **** piety under Hepliaklqana
  9416 | D:9      | Found Ricecitu's Magic Scroll Shoppe.
  9424 | D:9      | Bought a scroll of fear for 48 gold pieces
  9424 | D:9      | Bought a scroll of fear for 48 gold pieces
  9424 | D:9      | Bought a scroll of enchant armour for 90 gold pieces
  9424 | D:9      | Bought a scroll of teleportation for 36 gold pieces
  9432 | D:9      | Noticed a two-headed ogre
  9445 | D:9      | Killed a two-headed ogre
  9500 | D:9      | Found a basalt altar of Yredelemnul.
  9614 | D:9      | Identified the +7 falchion of Wu Jian's Benevolence {heavy,
                  | Fly rCorr Str+4}
  9750 | D:10     | Entered Level 10 of the Dungeon
  9859 | D:10     | Found Saceocum's Weapon Boutique.
  9865 | D:10     | Identified the ring "Geapt" {rF++ rN+++ MP-9 Int+6}
  9897 | D:10     | Noticed a soul eater
  9959 | D:10     | Reached skill level 10 in Stealth
 10001 | D:10     | Found a runed translucent gate.
 10002 | D:10     | Found a runed translucent gate.
 10003 | D:10     | Found a runed translucent gate.
 10003 | D:10     | Noticed Newt's ghost (journeyman KoHu)
 10101 | D:10     | Found a portal to a secret trove of treasure.
 10649 | D:4      | Bought a scroll of enchant weapon for 210 gold pieces
 10764 | D:7      | Found a staircase to the Ecumenical Temple.
 10951 | Lair:1   | Entered Level 1 of the Lair of Beasts
 10964 | Lair:1   | Reached skill level 1 in Invocations
 10981 | Lair:1   | Reached XP level 12. HP: 56/57 MP: 7/16
 11132 | Lair:1   | Reached ***** piety under Hepliaklqana
 11170 | Lair:1   | Found a large runed translucent door.
 11174 | Lair:1   | Found a large runed translucent door.
 11177 | Lair:1   | Noticed Selrock's ghost (journeyman MiFi)
 11642 | Lair:2   | Noticed a death yak
 11660 | Lair:2   | Killed a death yak
 11681 | Lair:2   | Killed from afar by a rime drake

Illustrated notes

Levels and vault maps discovered:
D:1:      wander_arrival_estate, layout_loops_ring
D:2:      layout_basic, minmay_joined_circles, uniq_jessica
D:3:      layout_loops_corners, tgw_kikubaaqudgha, nicolae_eternal_life,
          corexii_leaking_fountain, kennysheep_generic_room_13
D:4:      layout_rooms, nicolae_hepliaklqana_hippocampus,
          mainiacjoe_overflow_24_doors, tgw_xom, serial_shops,
          nicolae_shop_crystal, nicolae_shop_crystal, shop,
          nicolae_shop_window_shopping, kennysheep_generic_room_16
D:5:      layout_basic, nicolae_overflow_crystal_walls
D:6:      layout_cave_pools, gammafunk_temple_overflow_statue,
          nicolae_ossuary_entry_false_entrances, uniq_prince_ribbit1
D:7:      layout_cave_pools, lemuel_round_altar,
          chequers_temple_overflow_statue_of_worship,
          minmay_temple_entry_poolview, serial_bayou_lake_a
D:8:      minmay_the_grid_square_5x5_3x3 [minmay_the_grid_square_5x5_trominoes,
          minmay_the_grid_square_5x5_checkered_statues,
          minmay_the_grid_square_5x5_mess, minmay_the_grid_square_5x5_corner,
          minmay_the_grid_square_5x5_megaprize_open,
          minmay_the_grid_square_5x5_hourglass,
          minmay_the_grid_square_5x5_sharp_hourglass,
          minmay_the_grid_square_5x5_comb, minmay_the_grid_square_5x5_longway],
          layout_loops_corners, amcnicky_altar_gilded,
          due_lair_maze_entry_diamond, special_room [special_room_orc],
          grunt_decor_arrowhead, small_statue_intersection, abandoned_shop,
          kennysheep_small_spiral, kennysheep_opposing_triangles, uniq_maurice
D:9:      layout_irregular_city, mainiacjoe_overflow_brackets,
          nicolae_yredelemnul_corpse_copse, tso_metal_star, serial_shops, shop
D:10:     layout_cave_pools, serial_shops, nicolae_shop_advertising_works
          [nicolae_subvault_shop_adworks], trove_entry_hex_spiral,
          gammafunk_ghost_split
Lair:1:   layout_cave_shapes, ebering_ghost_disaster_area,
          infiniplex_staircase_pool, grunt_megastairs_4
Lair:2:   nzn_winding_woodlands_huge [nzn_winding_woodlands_5x15_river_crossing,
          nzn_winding_woodlands_5x15_longhouse,
          nzn_winding_woodlands_5x15_pathside_ponds,
          nzn_winding_woodlands_5x15_jagged,
          nzn_winding_woodlands_5x15_sidewinder,
          nzn_winding_woodlands_5x15_crooked, nzn_winding_woodlands_5x15_parted,
          nzn_winding_woodlands_5x15_zeroes,
          nzn_winding_woodlands_5x15_sawtooth,
          nzn_winding_woodlands_5x15_default,
          nzn_winding_woodlands_center_lodge,
          nzn_winding_woodlands_center_pierced_h,
          nzn_winding_woodlands_15x15_eel_pit], layout_cave_pods,
          dummy_spider_entry, chequers_serial_rivers_small_3,
          lemuel_fruit_fields, uniq_fannar

Skill      XL: |  1  2  3  4  5  6  7  8  9 10 11 12 |
---------------+-------------------------------------+-----
Conjurations   | 1 2 3 |  3.3
Stealth        | 3 4 5 6 7 8 10 | 10.0
Earth Magic    | 4 |  4.6
Short Blades   | 1 3 5 7 10 | 10.0
Fighting       | 2 3 5 7 8 |  8.4
Dodging        | 3 6 |  6.8
Shields        | 5 |  5.0
Invocations    | 1 3 |  3.4
Spellcasting   | |  2.5
Transmutations | |  1.0

Action                   |  1- 3 |  4- 6 |  7- 9 | 10-12 || total
-------------------------+-------+-------+-------+-------++-------
Melee: Dagger            |    11 |   139 |   532 |   770 ||  1452
       Bite              |     2 |    39 |   218 |   311 ||   570
       Punch             |       |       |     3 |     2 ||     5
 Cast: Sandblast         |    36 |    43 |    18 |     5 ||   102
Invok: Ancestor Identity |       |       |     1 |       ||     1
       Recall Ancestor   |       |       |     1 |       ||     1
       Ancestor Life: He |       |       |     1 |       ||     1
Evoke: Wand              |       |       |       |     2 ||     2
  Use: Scroll            |     3 |     8 |     8 |    10 ||    29
 Stab: Sleeping          |     1 |    13 |    15 |     7 ||    36
       Distracted        |       |       |     2 |    11 ||    13
       Confused          |       |       |     1 |    12 ||    13
Armor: Robe              |     3 |    25 |    53 |    54 ||   135
       Acid dragon scale |       |       |       |    42 ||    42
Dodge: Dodged            |    11 |    77 |   154 |   254 ||   496
Block: Buckler           |       |       |       |    92 ||    92

Table legend: (Time is in decaauts)
 A = Elapsed time spent in this place.
 B = Non-inter-level travel time spent in this place.
 C = Inter-level travel time spent in this place.
 D = Time resting spent in this place.
 E = Time spent auto-exploring this place.
 F = Levels seen in this place.
 G = Mean time per level.
                   A        B        C        D        E       F      G
               +--------+--------+--------+--------+--------+-----+--------+
         Total |  10978 |  10186 |    792 |    148 |   7537 |  13 |  844.5 |
       Dungeon |  10108 |   9347 |    761 |    148 |   6939 |  10 | 1010.8 |
          Lair |    664 |    633 |     31 |      0 |    525 |   2 |  332.0 |
       Ossuary |    205 |    205 |      0 |      0 |     73 |   1 |  205.0 |
               +--------+--------+--------+--------+--------+-----+--------+

Top non-repeatable levels by time:
     D:8: 1618 daAuts
     D:3: 1415 daAuts
     D:2: 1260 daAuts
     D:4: 1151 daAuts
     D:7: 880 daAuts
     D:1: 879 daAuts
     D:6: 796 daAuts
     D:9: 737 daAuts
    D:10: 737 daAuts
     D:5: 632 daAuts
  Lair:1: 592 daAuts
 Ossuary: 205 daAuts
  Lair:2: 72 daAuts
